 Dungeon Crawl Stone Soup version 0.29.1-13-g9f3cf754e1 (webtiles) character file.

Game seed: 4715321936825754922

986 bubby the Basher (level 8, -3/63 HPs)
             Began as a Ghoul Monk on Jan 20, 2023.
             Slain by a wight
             ... wielding a +2 long sword
              (6 damage)
             ... on level 6 of the Dungeon.
             The game lasted 00:07:29 (4576 turns).

bubby the Basher (Ghoul Monk)                       Turns: 4576, Time: 00:07:29

Health: -3/63      AC:  7    Str: 23    XL:     8   Next: 18%
Magic:  7/7        EV: 11    Int:  7    God:
Gold:   218        SH:  0    Dex:  6    Spells: 7/7 levels left

rFire   + . .      SeeInvis .   I - +5 flail
rCold   + . .      Faith    .   (no shield)
rNeg    + + +      Spirit   .   j - +0 leather armour
rPois   ∞          Reflect  .   i - +0 helmet
rElec   +          Harm     .   (no cloak)
rCorr   .          Rampage  .   (no gloves)
Will    .....                   v - +2 pair of boots "Xetahics" {rElec Int+2 Dex-5 Slay+4}
Stlth   +.........              (no amulet)
HPRegen 0.00/turn               t - +6 ring of strength
MPRegen 0.10/turn               A - ring of protection from fire

@: confused, ambrosia-drunk, inhibited regen
A: claws 1, cold resistance 1, negative energy resistance 3, inhibited
regeneration, torment resistance 2, devour on kill
a: no special abilities


You were on level 6 of the Dungeon.
You visited 1 branch of the dungeon, and saw 6 of its levels.

You collected 218 gold pieces.

Inventory:

Hand Weapons
 a - a +0 mace
 h - a +4 vorpal war axe
 y - a +2 vorpal flail
 I - a +5 flail (weapon)
Missiles
 E - a throwing net (quivered)
Armour
 b - a +0 robe
 i - a +0 helmet (worn)
 j - a +0 leather armour (worn)
 k - a +0 robe of fire resistance
 v - the +2 pair of boots "Xetahics" (worn) {rElec Int+2 Dex-5 Slay+4}
   (You found it on level 4 of the Dungeon)

   Int:       It affects your intelligence (+2).
   Dex:       It affects your dexterity (-5).
   Slay:      It affects your accuracy & damage with ranged weapons and melee
   (+4).
   rElec:     It insulates you from electricity.
 x - a +0 crystal plate armour
Jewellery
 t - a +6 ring of strength (left claw)
 A - a ring of protection from fire (right claw)
 G - a ring of flight
Wands
 n - a wand of mindburst (6)
 F - a wand of roots (5)
Scrolls
 d - 4 scrolls of fear {unknown}
 e - 2 scrolls of magic mapping {unknown}
 g - 4 scrolls of identify {unknown}
 m - a scroll of enchant weapon {unknown}
 o - 3 scrolls of silence {unknown}
 p - 4 scrolls of teleportation {unknown}
 r - 3 scrolls of fog {unknown}
 s - 4 scrolls of blinking {unknown}
 u - a scroll of amnesia {unknown}
 z - a scroll of poison {unknown}
 B - a scroll of brand weapon {unknown}
 J - a scroll of enchant armour {unknown}
Potions
 f - 4 potions of curing {unknown}
 l - 3 potions of might {unknown}
 q - 2 potions of attraction {unknown}
 w - a potion of mutation {unknown}
 C - a potion of degeneration {unknown}
 D - 2 potions of invisibility {unknown}
 H - a potion of heal wounds {unknown}


   Skills:
 - Level 3.2 Fighting
 * Level 8.4 Maces & Flails
 + Level 2.6 Armour
 - Level 2.6 Dodging
 - Level 2.1 Stealth


You had 7 spell levels left.
You didn't know any spells.
Your spell library contained the following spells:

 Spells                   Type           Power      Damage    Failure   Level
 Apportation              Tloc           0%         N/A       47%         1
 Freeze                   Ice            0%         1d3       47%         1
 Necrotise                Necr           0%         1d4       47%         1
 Summon Small Mammal      Summ           0%         N/A       47%         1
 Scorch                   Fire           0%         2d5       63%         2
 Frozen Ramparts          Ice            0%         1d1       85%         3
 Flame Wave               Conj/Fire      0%         2d4       99%         4
 Hailstorm                Conj/Ice       0%         3d3       99%         4
 Summon Cactus Giant      Summ           0%         N/A       100%        6


Dungeon Overview and Level Annotations

Branches:
Dungeon (6/15)
 Temple: D:4-7

Altars:
Nemelex Xobeh
Okawaru
Uskayaw


Innate Abilities, Weirdness & Mutations

You are immune to poison.
You have sharp fingernails.
Your flesh is cold resistant. (rC+)
You are immune to negative energy. (rN+++)
You do not regenerate when monsters are visible.
You are immune to unholy pain and torment.
You thrive by killing the living.


Message History

You barely miss the white imp. The white imp gestures at you.
The puff of frost hits you but does no damage.
You closely miss the white imp.
The white imp hits you but does no damage.
You sock the white imp!
You kill the white imp!
No target in view! 2 wights come into view.
Items here: )) [[.
There are monsters nearby!
Items here: )) [[.
You sock the wight!
The wight is almost destroyed.
The wight barely misses you. x2
You closely miss the wight.
The wight is almost destroyed.
The wight hits you from afar with a +3 halberd!
The wight hits you with a +2 long sword.
You closely miss the wight.
The wight is almost destroyed.
The wight hits you from afar with a +3 halberd!
The wight closely misses you.
You are too injured to fight recklessly!
You are too injured to fight recklessly!
You closely miss the wight.
The wight is almost destroyed.
The wight closely misses you.
The wight hits you with a +2 long sword!
You closely miss the wight.
The wight is almost destroyed.
The wight hits you from afar with a +3 halberd!
* * * LOW HITPOINT WARNING * * *
The wight hits you but does no damage.
You are confused.
You feel invigorated.
The wight hits you from afar with a +3 halberd!
* * * LOW HITPOINT WARNING * * *
The wight hits you with a +2 long sword.
You die...

### #.. #.###
#... #..
#.######
#####......#
#.zz@..#...#
#!.###..######
#..#.#........#
...#
#.....#...#
#.##.
#.####..######
# #
..##..........#
#.#
#.#....#...# #.
#.####..####
#.###.####.....


You could see 2 wights.

Vanquished Creatures
  A phantom (D:4)
  2 scorpions
  2 wights (D:6)
  A howler monkey (D:5)
  2 jellies
  3 hounds (D:4)
  5 orc priests
  Terence (D:3)
  4 iguanas
  2 orc wizards
  6 adders
  A shadow imp (D:5)
  2 white imps
  A worm (D:3)
  A dart slug (D:3)
  13 orcs
  5 endoplasms
  4 giant cockroaches
  5 goblins
  8 hobgoblins
  A jackal (D:3)
  2 quokkas
  7 ball pythons
  8 bats
  8 kobolds
  3 rats
98 creatures vanquished.

Notes
Turn   | Place    | Note
-------+----------+-------------------------------------------
     0 | D:1      | bubby the Ghoul Monk began the quest for the Orb.
     0 | D:1      | Reached XP level 1. HP: 19/19 MP: 0/0
   145 | D:1      | Reached skill level 3 in Maces & Flails
   264 | D:1      | Reached XP level 2. HP: 25/26 MP: 1/1
   720 | D:2      | Reached XP level 3. HP: 27/31 MP: 2/2
   963 | D:2      | Reached skill level 4 in Maces & Flails
  1598 | D:2      | Reached XP level 4. HP: 38/38 MP: 3/3
  1809 | D:3      | Found a faded altar of an unknown god.
  1809 | D:3      | Noticed Terence
  1822 | D:3      | Killed Terence
  1921 | D:3      | Reached skill level 5 in Maces & Flails
  2066 | D:3      | Reached XP level 5. HP: 44/45 MP: 4/4
  2562 | D:4      | Found an iron altar of Okawaru.
  2714 | D:4      | Identified the +2 pair of boots "Xetahics" {rElec Int+2
                  | Dex-5 Slay+4}
  2764 | D:4      | Reached skill level 6 in Maces & Flails
  2764 | D:4      | Reached XP level 6. HP: 26/51 MP: 5/5
  3154 | D:4      | Found a hide-covered altar of Uskayaw.
  3210 | D:4      | Reached skill level 7 in Maces & Flails
  3210 | D:4      | Reached XP level 7. HP: 57/57 MP: 6/6
  3391 | D:5      | Entered Level 5 of the Dungeon
  3499 | D:5      | Reached skill level 1 in Armour
  3975 | D:5      | Found a sparkling altar of Nemelex Xobeh.
  4166 | D:6      | Reached skill level 8 in Maces & Flails
  4265 | D:6      | Reached XP level 8. HP: 39/63 MP: 7/7
  4576 | D:6      | HP: 3/63 [wight/+3 halberd (9)]
  4576 | D:6      | Slain by a wight

Illustrated notes

Levels and vault maps discovered:
D:1:      minmay_arrival_glassed_features, layout_rooms
D:2:      layout_loops_corners
D:3:      layout_rooms, shapermc_ecumenical_altar_mp_highgroup,
          kennysheep_cross_room, minmay_vboxes, uniq_terence
D:4:      nicolae_BIG_FREAKIN_CUBE, layout_basic,
          eat_drink_and_be_merry_uskayaw, mainiacjoe_overflow_alcove_1
D:5:      layout_basic, nemelex_diamond_rough_becter
D:6:      layout_loops_ring, temple_doors_e, gammafunk_ghost_abyssal_escape,
          hangedman_decor_diamond_cutter, nrook_loot_triangle,
          hangedman_abyss_or_decor_stagger, minmay_misc_feat_x

Skill      XL: |  1  2  3  4  5  6  7 |
---------------+----------------------+-----
Maces & Flails | 3 4 5 6 7 8 |  8.4
Armour         | 2 |  2.6
Fighting       | |  3.2
Dodging        | |  2.6
Stealth        | |  2.1

Action                   |  1- 3 |  4- 6 |  7- 9 || total
-------------------------+-------+-------+-------++-------
Melee: Mace              |    85 |       |       ||    85
       War axe           |     9 |    84 |     7 ||   100
       Punch             |     1 |       |     1 ||     2
       Flail             |       |       |    81 ||    81
  Use: Potion            |       |       |     1 ||     1
 Stab: Sleeping          |     4 |       |     1 ||     5
Armor: Robe              |    21 |       |       ||    21
       Leather armour    |       |    33 |    28 ||    61
Dodge: Dodged            |    75 |    53 |    44 ||   172
